[Event "Titled Tuesday Blitz May 23 Late 2023"]
[White "Palacio,Igor Da Paz"]
[Black "Baghdasaryan, Vahe"]
[WhiteFideId "2121140"]
[BlackFideId "13303139"]
[WhiteElo "2126"]
[BlackElo "2216"]
[Result "0-1"]
[Round "03"]
[TimeControl "180+2"]
[Date "2023.05.23"]
[WhiteClock "0:00:03"]
[BlackClock "0:00:33"]

1. e4 c5 2. Nc3 Nc6 3. g3 g6 4. Bg2 Bg7 5. d3 d6 6. f4 Nf6 7. Nf3 O-O 8. O-O Rb8 9. a4 a6 10. h3 b5 11. axb5 axb5 12. g4 Nd4 13. Nxd4 cxd4 14. Nb1 Nd7 15. Nd2 Bb7 16. Nf3 Qc7 17. Rf2 Ra8 18. Rxa8 Rxa8 19. Bd2 Nc5 20. Qb1 Qb6 21. Kh2 Qa7 22. Rf1 Qa2 23. b3 Qxb1 24. Rxb1 Ra2 25. Ne1 Bh6 26. Kg3 e5 27. g5 Bg7 28. f5 gxf5 29. exf5 Bxg2 30. Kxg2 e4 31. dxe4 d3 32. Kf3 dxc2 33. Rc1 Nxb3 34. Rxc2 Nd4+ 35. Ke3 Nxc2+ 36. Nxc2 Rxc2 37. f6 Bf8 0-1


[Site "https://www.chess.com"]

[Event "Titled Tuesday Blitz May 23 Late 2023"]
[White "kiwibobo"]
[Black "Ezat, Mohamed"]
[BlackFideId "10600906"]
[WhiteElo "2181"]
[BlackElo "2386"]
[Result "0-1"]
[Round "03"]
[TimeControl "180+2"]
[Date "2023.05.23"]
[WhiteClock "0:00:13"]
[BlackClock "0:00:59"]

1. e4 Nf6 2. e5 Nd5 3. d4 d6 4. c4 Nb6 5. f4 Bf5 6. Nc3 e6 7. Be3 Be7 8. Nf3 O-O 9. Be2 Nc6 10. O-O dxe5 11. fxe5 Bg4 12. h3 Bxf3 13. Rxf3 Bg5 14. Bf2 f5 15. Qd3 Bh4 16. g3 Bg5 17. Rd1 f4 18. g4 Bh4 19. Qe4 Bxf2+ 20. Rxf2 Qh4 21. Kg2 Qg3+ 22. Kf1 Qxh3+ 23. Ke1 f3 24. Rxf3 Qh4+ 25. Kd2 Nxd4 26. Rxf8+ Rxf8 27. Rh1 Qg5+ 28. Kd1 Rd8 29. Qxh7+ Kf8 30. Bd3 Nf3 31. Rf1 Qd2# 0-1


[Site "https://www.chess.com"]

[Event "Titled Tuesday Blitz May 23 Late 2023"]
[White "Baches Garcia, Guillermo"]
[Black "Marin Masis, Jose Esteban"]
[WhiteFideId "2209764"]
[BlackFideId "6508146"]
[WhiteElo "2519"]
[BlackElo "1838"]
[Result "1-0"]
[Round "03"]
[TimeControl "180+2"]
[Date "2023.05.23"]
[WhiteClock "0:01:23"]
[BlackClock "0:00:42"]

1. e4 c5 2. Nf3 Nc6 3. d4 cxd4 4. Nxd4 Nf6 5. Nc3 e5 6. Ndb5 d6 7. Nd5 Nxd5 8. exd5 Nb8 9. a4 Be7 10. Be2 O-O 11. Bd2 a6 12. Na3 Nd7 13. a5 b6 14. axb6 Nxb6 15. Ba5 Rb8 16. Nc4 Qc7 17. O-O Qa7 18. Bxb6 Rxb6 19. Nxb6 Qxb6 20. b3 Bb7 21. Bc4 a5 22. Qd2 Ra8 23. Ra4 Bd8 24. Qe3 Qc7 25. f4 exf4 26. Qe8# 1-0


[Site "https://www.chess.com"]

[Event "Titled Tuesday Blitz May 23 Late 2023"]
[White "Cagara, Paulina"]
[Black "Meunier-Pion, Jean"]
[WhiteFideId "1124870"]
[BlackFideId "20685327"]
[WhiteElo "1967"]
[BlackElo "2124"]
[Result "1-0"]
[Round "03"]
[TimeControl "180+2"]
[Date "2023.05.23"]
[WhiteClock "0:00:40"]
[BlackClock "0:00:01"]

1. e4 e5 2. Nf3 Nc6 3. c3 d5 4. Qa4 dxe4 5. Nxe5 Bd7 6. Nxd7 Qxd7 7. Qxe4+ Be7 8. Bb5 Nf6 9. Bxc6 bxc6 10. Qe2 O-O 11. d4 c5 12. Be3 Rfe8 13. O-O cxd4 14. Bxd4 c5 15. Be3 Qa4 16. b3 Qh4 17. g3 Qh3 18. Qf3 Ng4 19. Qg2 Qxg2+ 20. Kxg2 Nxe3+ 21. fxe3 Bg5 22. Na3 Rxe3 23. Rae1 Rxc3 24. Re2 Rd8 25. Nb5 Rcd3 26. Nxa7 h5 27. Nc6 R8d6 28. Ne5 Rd2 29. Re1 Ra6 30. Nc4 Rxe2+ 31. Rxe2 Bf6 32. Kf3 Bd4 33. g4 Rf6+ 34. Kg3 Rg6 35. h3 hxg4 36. hxg4 f5 37. a4 Rxg4+ 38. Kf3 Rh4 39. Rg2 Kf7 40. a5 Rh6 41. Kf4 Rf6 42. Ra2 g5+ 43. Kxg5 f4 44. a6 f3 45. a7 Rg6+ 46. Kf5 Rf6+ 47. Ke4 Re6+ 48. Kd5 Rf6 49. a8=Q 1-0


[Site "https://www.chess.com"]

[Event "Titled Tuesday Blitz May 23 Late 2023"]
[White "Ladan, Nicholas"]
[Black "Matute Escobar, Roxanny"]
[WhiteFideId "30918855"]
[BlackFideId "3926028"]
[WhiteElo "2167"]
[BlackElo "1844"]
[Result "1-0"]
[Round "03"]
[TimeControl "180+2"]
[Date "2023.05.23"]
[WhiteClock "0:00:25"]
[BlackClock "0:00:00"]

1. d4 Nf6 2. c3 g6 3. Bg5 Bg7 4. Nd2 c5 5. e3 cxd4 6. exd4 O-O 7. Bd3 Nc6 8. h4 e5 9. d5 Ne7 10. c4 d6 11. h5 Qb6 12. Qf3 Bg4 13. Qg3 Nf5 14. Bxf5 Bxf5 15. b3 Qd4 16. Rd1 Bc2 17. Ne2 Qb2 18. Rc1 e4 19. h6 Bh8 20. O-O Bd3 21. Rfe1 Bxe2 22. Rb1 Nh5 23. Qxd6 Qc3 24. Rxe2 Be5 25. Nxe4 Bxd6 26. Nxc3 Nf4 27. Bxf4 Bxf4 28. Re7 Rab8 29. Ne4 1-0


[Site "https://www.chess.com"]

[Event "Titled Tuesday Blitz May 23 Late 2023"]
[White "Torres Dominguez, David"]
[Black "Sivakumar, Shaaketh"]
[WhiteFideId "2220857"]
[BlackFideId "30940176"]
[WhiteElo "1999"]
[BlackElo "2174"]
[Result "0-1"]
[Round "03"]
[TimeControl "180+2"]
[Date "2023.05.23"]
[WhiteClock "0:01:02"]
[BlackClock "0:01:23"]

1. e4 e6 2. d4 d5 3. exd5 exd5 4. Bd3 Nc6 5. Nf3 Bg4 6. c3 Bd6 7. O-O Nge7 8. Re1 Qd7 9. Nbd2 O-O-O 10. b4 Rde8 11. a4 h5 12. a5 h4 13. b5 Nd8 14. b6 a6 15. bxc7 Bxc7 16. c4 h3 17. g3 dxc4 18. Nxc4 Nec6 19. Rxe8 Rxe8 20. Nb6+ Bxb6 21. axb6 Nxd4 22. Rxa6 Nxf3+ 23. Qxf3 Re1+ 24. Bf1 Rxf1+ 25. Kxf1 Qb5+ 26. Ke1 Bxf3 27. Ra2 Qb4+ 28. Kf1 Qc4+ 0-1


[Site "https://www.chess.com"]

[Event "Titled Tuesday Blitz May 23 Late 2023"]
[White "Haszon, David"]
[Black "Prado, Alexandra"]
[WhiteFideId "733610"]
[BlackFideId "3301346"]
[WhiteElo "2210"]
[BlackElo "1759"]
[Result "1-0"]
[Round "03"]
[TimeControl "180+2"]
[Date "2023.05.23"]
[WhiteClock "0:01:14"]
[BlackClock "0:00:00"]

1. d4 Nf6 2. Bf4 g6 3. Nc3 d5 4. h4 h5 5. Nf3 Bg7 6. Ng5 Bf5 7. e3 a6 8. Bd3 Bxd3 9. Qxd3 Nbd7 10. O-O-O e6 11. f3 c5 12. e4 dxe4 13. Ncxe4 Nxe4 14. Qxe4 cxd4 15. Nxe6 fxe6 16. Qxg6+ Kf8 17. Bd6+ Kg8 18. Qxe6+ Kh7 19. Qf5+ Kg8 20. Qd5+ Kh7 21. Qxh5+ Kg8 22. Qd5+ Kh7 23. Qxb7 Nf6 24. Be5 Qd5 25. Qxd5 Nxd5 26. Bxg7 Kxg7 27. Rxd4 Ne3 28. Re1 Rhe8 29. g4 Rac8 30. Rd7+ Kf6 31. Rd6+ Kf7 32. c3 Nc4 33. Rxe8 Rxe8 34. Rxa6 Ne5 35. g5 Nxf3 36. Rf6+ 1-0


[Site "https://www.chess.com"]

[Event "Titled Tuesday Blitz May 23 Late 2023"]
[White "Sattarov, Bobir"]
[Black "Ottosen, David"]
[WhiteFideId "14203081"]
[BlackFideId "2603080"]
[WhiteElo "2351"]
[BlackElo "2031"]
[Result "1-0"]
[Round "03"]
[TimeControl "180+2"]
[Date "2023.05.23"]
[WhiteClock "0:02:05"]
[BlackClock "0:01:58"]

1. e4 e6 2. Nc3 d5 3. Nf3 Nf6 4. e5 Nfd7 5. d4 c5 6. dxc5 Bxc5 7. Bd3 Nc6 8. Bf4 Nb4 9. Be2 a6 10. a3 Nc6 11. Bd3 b5 12. O-O Nb6 13. Ng5 Be7 14. Qh5 g6 15. Qh6 Bf8 16. Qh3 h6 17. Rfe1 Nc4 18. Bxc4 dxc4 19. Rad1 Qe7 20. Nce4 Bg7 21. Nd6+ Kf8 22. Ngxf7 Rh7 23. Qf3 Kg8 24. Qxc6 1-0


[Site "https://www.chess.com"]

[Event "Titled Tuesday Blitz May 23 Late 2023"]
[White "Golubev, Mikhail"]
[Black "Colas, Joshua"]
[WhiteFideId "14100983"]
[BlackFideId "2044447"]
[WhiteElo "2374"]
[BlackElo "2347"]
[Result "1/2-1/2"]
[Round "03"]
[TimeControl "180+2"]
[Date "2023.05.23"]
[WhiteClock "0:00:03"]
[BlackClock "0:00:33"]

1. e4 c6 2. d4 d5 3. Nc3 dxe4 4. Nxe4 Nf6 5. Nxf6+ exf6 6. c3 Bd6 7. Bd3 O-O 8. Ne2 Re8 9. O-O Nd7 10. Ng3 Nf8 11. Qf3 Ng6 12. Nf5 Bxf5 13. Qxf5 Qc7 14. g3 Re7 15. Bd2 Rae8 16. Rae1 c5 17. Rxe7 Rxe7 18. h4 cxd4 19. h5 Nf8 20. cxd4 Qd7 21. Qxd7 Rxd7 22. Rc1 Rc7 23. Rxc7 Bxc7 24. Be4 b6 25. Kf1 Ne6 26. Be3 g6 27. hxg6 hxg6 28. d5 Nd8 29. Ke2 f5 30. Bd3 Bd6 31. a3 f6 32. g4 f4 33. Bd4 Kf7 34. Kf3 g5 35. b4 Be5 36. Bxe5 fxe5 37. Ke4 Kf6 38. d6 Nf7 39. Kd5 Nd8 40. Be4 Ne6 41. d7 Ke7 42. Kxe5 Nd8 43. Kf5 Nf7 44. Bd5 Nd6+ 45. Kxg5 Nb5 46. Bc4 Nxa3 47. Bd3 f3 48. b5 Kxd7 49. Kf4 Ke6 50. Kxf3 Ke5 51. Ke3 Kd5 52. f4 Kc5 53. g5 Kd6 54. g6 Ke6 55. f5+ Kf6 56. Kd4 Nxb5+ 57. Bxb5 Kxf5 58. Bd3+ Ke6 59. Kc4 Kf6 60. Kb5 a5 61. Bc2 Kg7 62. Bd3 Kh6 63. Bc2 Kg7 64. Bd3 Kf6 65. Bc2 Kg7 1/2-1/2


[Site "https://www.chess.com"]

[Event "Titled Tuesday Blitz May 23 Late 2023"]
[White "Dzierzak, Radoslaw"]
[Black "Estrada Nieto, Julian"]
[WhiteFideId "1161407"]
[BlackFideId "5101018"]
[WhiteElo "2166"]
[BlackElo "2161"]
[Result "0-1"]
[Round "03"]
[TimeControl "180+2"]
[Date "2023.05.23"]
[WhiteClock "0:00:00"]
[BlackClock "0:00:43"]

1. e4 e5 2. Nf3 Nc6 3. Bc4 Bc5 4. O-O Nf6 5. d3 d6 6. c3 a6 7. Bb3 Ba7 8. Re1 O-O 9. h3 h6 10. Nbd2 Be6 11. Nf1 Re8 12. Be3 d5 13. Bxa7 Rxa7 14. Ng3 Ra8 15. exd5 Bxd5 16. Bxd5 Qxd5 17. Qb3 Qxb3 18. axb3 Rad8 19. Rad1 a5 20. Ne4 Nd7 21. g4 b6 22. h4 Nc5 23. Nxc5 bxc5 24. Re4 Rb8 25. Rc4 Rb5 26. Nd2 Rd8 27. Ne4 Rd5 28. Kf1 Nd8 29. Ke2 Ne6 30. Ra4 Rxb3 31. Rxa5 Rxb2+ 32. Rd2 Nf4+ 33. Kd1 Rxd2+ 34. Kxd2 Rxd3+ 35. Kc2 Rh3 36. h5 Ne6 37. Nxc5 Nxc5 38. Rxc5 Rf3 39. Rxe5 Rxf2+ 40. Kd3 Rf4 41. g5 hxg5 42. Rxg5 Rf6 43. Kd4 Kh7 44. Rc5 c6 45. c4 Kh6 46. Ke4 Rd6 47. Kf4 Rf6+ 48. Kg4 Rd6 49. Kf4 g6 50. hxg6 Kxg6 51. Rg5+ Kf6 52. Rf5+ Ke6 53. Re5+ Kd7 54. Kf5 Rd1 55. Kf6 Rf1+ 56. Kg7 Kd6 57. Rh5 f5 58. Kg6 Kc5 0-1


[Site "https://www.chess.com"]

[Event "Titled Tuesday Blitz May 23 Late 2023"]
[White "The_Sherman_Variation"]
[Black "Vovk, Orest"]
[BlackFideId "14113490"]
[WhiteElo "2511"]
[BlackElo "2215"]
[Result "0-1"]
[Round "03"]
[TimeControl "180+2"]
[Date "2023.05.23"]
[WhiteClock "0:00:55"]
[BlackClock "0:00:25"]

1. b4 g6 2. Bb2 Nf6 3. g4 Bg7 4. g5 Nh5 5. Bxg7 Nxg7 6. Nc3 h6 7. gxh6 Rxh6 8. d4 d5 9. Qd2 Rh5 10. Bg2 c6 11. Bf3 Rh8 12. e3 Bf5 13. Nge2 Qd7 14. Ng3 Bg4 15. Qe2 Bxf3 16. Qxf3 Nf5 17. Nxf5 Qxf5 18. Qxf5 gxf5 19. Ke2 Nd7 20. Rag1 e6 21. Kd3 Ke7 22. Ne2 Rh4 23. Nf4 Rah8 24. h3 Nf6 25. Rg7 Kf8 26. Rg3 Nh5 27. Nxh5 R8xh5 28. a4 f4 29. Rf3 fxe3 30. fxe3 f5 31. b5 Ke7 32. Rg3 Rh7 33. bxc6 bxc6 34. Kc3 Kd6 35. Kb4 c5+ 36. Kc3 Rc7 37. Kd3 cxd4 38. exd4 Rc4 39. c3 Rxa4 40. Rb1 f4 41. Rf3 Ra2 42. Rb7 Rh2 43. Rxa7 R4xh3 44. Ra6+ Ke7 45. Rxh3 Rxh3+ 46. Kd2 Kf6 47. Ra8 Kf5 48. Re8 Re3 49. Re7 Kg4 50. Rh7 Kg3 51. Rg7+ Kf2 52. Rh7 Re4 53. Kd3 f3 54. c4 Re3+ 55. Kd2 Re2+ 56. Kd3 dxc4+ 57. Kxc4 Ke1 58. Rh1+ Kd2 59. Kc5 f2 60. Kd6 Kd3 61. Rd1+ Rd2 62. Rf1 Kxd4 63. Kxe6 Ke3 0-1


[Site "https://www.chess.com"]

[Event "Titled Tuesday Blitz May 23 Late 2023"]
[White "Kokoszczynski, Jan"]
[Black "Schuster, Karsten"]
[WhiteFideId "1174460"]
[BlackFideId "4611071"]
[WhiteElo "2139"]
[BlackElo "2254"]
[Result "0-1"]
[Round "03"]
[TimeControl "180+2"]
[Date "2023.05.23"]
[WhiteClock "0:00:05"]
[BlackClock "0:00:29"]

1. d4 d5 2. Bf4 c5 3. e3 cxd4 4. exd4 Nc6 5. c3 Nf6 6. Bd3 Bg4 7. Qb3 Qc8 8. Nd2 e6 9. Ngf3 Be7 10. O-O Bh5 11. Rae1 a6 12. Ne5 Nxe5 13. Bxe5 Bg6 14. Bxg6 hxg6 15. a4 Qc6 16. h3 O-O 17. Re3 b5 18. Ra1 Bd6 19. Bxd6 Qxd6 20. axb5 axb5 21. Ree1 Rab8 22. Ra5 b4 23. Rc1 bxc3 24. Qxc3 Qb6 25. b3 Rfc8 26. Rc5 Rd8 27. Rc7 Rb7 28. Nf3 Ne4 29. Rxb7 Qxb7 30. Qd3 Rc8 31. Rxc8+ Qxc8 32. Ne5 Qc1+ 33. Kh2 Nxf2 34. Qf3 Qh1+ 35. Kg3 Ne4+ 36. Kh4 g5+ 37. Kg4 f6 38. Nd3 Kh7 39. Nc5 f5+ 0-1


[Site "https://www.chess.com"]

[Event "Titled Tuesday Blitz May 23 Late 2023"]
[White "Ismayil, Malak"]
[Black "Prieto Aranguren, Alain"]
[WhiteFideId "13412604"]
[BlackFideId "2268906"]
[WhiteElo "1868"]
[BlackElo "2209"]
[Result "1-0"]
[Round "03"]
[TimeControl "180+2"]
[Date "2023.05.23"]
[WhiteClock "0:00:49"]
[BlackClock "0:00:00"]

1. e4 c6 2. d4 d5 3. Nc3 dxe4 4. Nxe4 h6 5. Nf3 Bg4 6. Be3 Nf6 7. Nxf6+ exf6 8. Be2 Bd6 9. h3 Bh5 10. Qd2 Nd7 11. d5 c5 12. c4 O-O 13. O-O Re8 14. Rfe1 Bxf3 15. Bxf3 Ne5 16. Be2 Ng6 17. Bd3 Qc7 18. Bxg6 fxg6 19. Rac1 Re7 20. b4 b6 21. bxc5 bxc5 22. Rb1 Rae8 23. Rec1 f5 24. Qd3 Kh7 25. Rb5 f4 26. Bd2 Re2 27. Rd1 Qe7 28. Rb3 Qe5 29. Bc3 Qg5 30. Qf3 Qe7 31. Rbb1 g5 32. Re1 Kg8 33. Rxe2 Qxe2 34. Re1 Qxf3 35. Rxe8+ Kf7 36. gxf3 Kxe8 37. Bxg7 h5 38. Bf6 g4 39. fxg4 hxg4 40. hxg4 Kf7 41. Bc3 Kg6 42. f3 Kg5 43. Kg2 Bc7 44. a4 a5 45. Bg7 Bd6 46. Kf2 Bc7 47. Bf8 Bb6 48. Be7+ Kg6 49. Bd6 Kf7 50. Bxf4 Bc7 51. Bxc7 1-0


[Site "https://www.chess.com"]

[Event "Titled Tuesday Blitz May 23 Late 2023"]
[White "Janaszak, Dawid"]
[Black "Dubreuil, Julien"]
[WhiteFideId "1119206"]
[BlackFideId "621285"]
[WhiteElo "2220"]
[BlackElo "2319"]
[Result "1/2-1/2"]
[Round "03"]
[TimeControl "180+2"]
[Date "2023.05.23"]
[WhiteClock "0:00:06"]
[BlackClock "0:00:07"]

1. e4 c5 2. Nc3 Nc6 3. Bb5 g6 4. Nf3 Bg7 5. O-O Nd4 6. Re1 e6 7. Nxd4 cxd4 8. Ne2 Ne7 9. c3 Qa5 10. a4 a6 11. b4 Qc7 12. Bd3 Nc6 13. Bb2 dxc3 14. dxc3 Nxb4 15. Bb1 O-O 16. Ba3 Bxc3 17. Nxc3 Qxc3 18. Bxb4 Qxb4 19. e5 f6 20. Ba2 fxe5 21. Rxe5 b6 22. Qd3 Qb2 23. Ree1 Qxf2+ 24. Kh1 Bb7 25. Qh3 Rf3 26. Qg4 Raf8 27. Rg1 R3f4 28. Qg5 R4f5 29. Qg4 Kg7 30. Bc4 Bc6 31. Bxa6 h5 32. Qg3 h4 33. Qxf2 Rxf2 34. Bb5 h3 35. Bxc6 dxc6 36. gxh3 Rb2 37. Rg2 Rff2 38. Rxf2 Rxf2 39. Rc1 Ra2 40. Rxc6 Rxa4 41. Rxb6 Re4 42. Kg2 Re3 43. h4 Re5 44. Kg3 Kf6 45. Rb8 Kg7 46. Rb7+ Kh6 47. Rb8 Rf5 48. Rh8+ Kg7 49. Re8 e5 50. Re6 Kf7 51. Rd6 Rf6 52. Rd5 Re6 53. Kf3 Kf6 54. Ke4 Ra6 55. Kf3 Ra4 56. Rd6+ Kf5 57. Rd8 Ra3+ 58. Kg2 Kf4 59. Rf8+ Ke3 60. Rg8 Ra2+ 61. Kg3 Ra6 62. Re8 e4 63. Kg4 Kd3 64. Kf4 Rf6+ 65. Kg5 Rf2 66. Kxg6 e3 67. h5 Rxh2 68. h6 Rg2+ 69. Kf6 e2 70. Rxe2 Kxe2 71. h7 Rh2 72. Kg7 Rg2+ 73. Kf7 Rh2 74. Kg7 Rxh7+ 75. Kxh7 1/2-1/2


[Site "https://www.chess.com"]

[Event "Titled Tuesday Blitz May 23 Late 2023"]
[White "Rose, Felix"]
[Black "Santos Flores, Alberto"]
[WhiteFideId "5105722"]
[BlackFideId "3601234"]
[WhiteElo "2039"]
[BlackElo "2235"]
[Result "1-0"]
[Round "03"]
[TimeControl "180+2"]
[Date "2023.05.23"]
[WhiteClock "0:00:17"]
[BlackClock "0:00:14"]

1. e4 c5 2. Nf3 Nc6 3. d4 cxd4 4. Nxd4 g6 5. c4 Nf6 6. Nc3 d6 7. f3 Nxd4 8. Qxd4 Bg7 9. Be3 O-O 10. Qd2 Be6 11. Rc1 Qa5 12. b3 Rfc8 13. Bd3 a6 14. Ne2 Qxd2+ 15. Kxd2 b5 16. Nd4 bxc4 17. Nxe6 cxd3 18. Nc7 Rab8 19. Nxa6 Rxc1 20. Rxc1 Ra8 21. Nb4 Nd7 22. Kxd3 e6 23. Rc7 Nc5+ 24. Kc4 Be5 25. Rc6 Bxh2 26. Bxc5 dxc5 27. Kxc5 Be5 28. a4 h5 29. Ra6 Rc8+ 30. Nc6 g5 31. b4 g4 32. fxg4 hxg4 33. b5 f5 34. exf5 exf5 35. Kd5 Bf6 36. Ke6 f4 37. Kxf6 Rf8+ 38. Kg6 f3 39. Ne7+ Kh8 40. gxf3 g3 41. Kh5 Rxf3 42. Rg6 Re3 43. Nf5 Ra3 44. Rxg3 Rxa4 45. Rb3 Ra8 46. Kg6 Kg8 47. Kf6 Kf8 48. Ke6 Ke8 49. Kd6 Kd8 50. Kc6 Kc8 51. Nd6+ Kb8 52. Rf3 Ra1 53. Rf8+ Ka7 54. b6+ 1-0


[Site "https://www.chess.com"]

[Event "Titled Tuesday Blitz May 23 Late 2023"]
[White "Machidon, Cristi"]
[Black "Hernandez Leon, Alberto"]
[WhiteFideId "13904590"]
[BlackFideId "2272555"]
[WhiteElo "2355"]
[BlackElo "2239"]
[Result "1-0"]
[Round "03"]
[TimeControl "180+2"]
[Date "2023.05.23"]
[WhiteClock "0:01:16"]
[BlackClock "0:00:04"]

1. e4 c5 2. Nf3 d6 3. Bb5+ Bd7 4. c4 Nf6 5. Nc3 a6 6. Bxd7+ Qxd7 7. d4 cxd4 8. Nxd4 Nc6 9. Bg5 e6 10. Bxf6 gxf6 11. O-O h5 12. Rc1 Be7 13. Kh1 Ne5 14. b3 Qc7 15. f4 Ng4 16. Qd3 Qa5 17. h3 O-O-O 18. hxg4 hxg4+ 19. Kg1 Qh5 20. Kf2 f5 21. Rh1 Qxh1 22. Rxh1 Rxh1 23. exf5 Rdh8 24. fxe6 Bh4+ 25. Ke2 fxe6 26. Qg6 Kb8 27. Nxe6 Bg3 28. Nd5 R8h2 29. Qxg4 Rxg2+ 30. Kf3 Rhg1 31. Qg8+ Ka7 32. Nec7 Rf2+ 33. Ke4 Re1+ 34. Kf5 Re5+ 35. Kg4 Rxd5 36. Qa8+ Kb6 37. Nxd5+ 1-0


[Site "https://www.chess.com"]

[Event "Titled Tuesday Blitz May 23 Late 2023"]
[White "olga-belka"]
[Black "Petrovic, Aleksa"]
[BlackFideId "967629"]
[WhiteElo "2256"]
[BlackElo "2309"]
[Result "0-1"]
[Round "03"]
[TimeControl "180+2"]
[Date "2023.05.23"]
[WhiteClock "0:00:06"]
[BlackClock "0:01:14"]

1. e4 d5 2. exd5 Qxd5 3. Nc3 Qe5+ 4. Be2 Bg4 5. h3 Bxe2 6. Ngxe2 c6 7. O-O Nf6 8. d4 Qc7 9. Bf4 Qd8 10. Re1 e6 11. Ng3 Be7 12. Qd2 O-O 13. Rad1 Nd5 14. Be5 Nxc3 15. Qxc3 Nd7 16. Ne4 Nf6 17. Bxf6 Bxf6 18. Qb3 b6 19. c3 Be7 20. Qc2 Qd5 21. b3 Rfd8 22. c4 Qf5 23. Qe2 Bb4 24. Rf1 Rd7 25. Ng3 Qg6 26. Qb2 Rad8 27. a3 Be7 28. b4 Bf6 29. Ne2 Qe4 30. Ng3 Qh4 31. Ne2 Bxd4 32. Nxd4 Rxd4 33. Rxd4 Qxd4 34. Qc2 Qd3 35. Rc1 Qxc2 36. Rxc2 Rd1+ 37. Kh2 Rd3 38. a4 Kf8 39. a5 bxa5 40. bxa5 Ra3 41. Rb2 Rxa5 42. Rb7 g5 43. c5 Kg7 44. Rc7 Rxc5 45. Rxa7 h5 46. g3 Rc2 47. Kg2 g4 48. hxg4 hxg4 49. Ra4 f5 50. Ra7+ Kf6 51. Ra8 Rc1 52. Rf8+ Ke7 53. Rc8 c5 54. Rc7+ Kf6 55. Rc8 c4 0-1


[Site "https://www.chess.com"]

[Event "Titled Tuesday Blitz May 23 Late 2023"]
[White "Seletsky, Grigory"]
[Black "Harish, Neeraj"]
[WhiteFideId "14112191"]
[BlackFideId "30958130"]
[WhiteElo "2491"]
[BlackElo "1879"]
[Result "1-0"]
[Round "03"]
[TimeControl "180+2"]
[Date "2023.05.23"]
[WhiteClock "0:01:02"]
[BlackClock "0:00:18"]

1. d4 Nf6 2. c3 d5 3. Bf4 e6 4. e3 Bd6 5. Bxd6 Qxd6 6. f4 O-O 7. Nf3 c5 8. Bd3 c4 9. Bc2 Nc6 10. Nbd2 b5 11. a3 Bb7 12. Ne5 a5 13. Qf3 Ne7 14. O-O b4 15. g4 bxc3 16. bxc3 Rab8 17. Qh3 Ng6 18. g5 Ne4 19. Bxe4 dxe4 20. Ndxc4 Qc7 21. Rfc1 Ba6 22. Nxg6 hxg6 23. Ne5 Rb2 24. c4 Rfb8 25. d5 exd5 26. cxd5 Rc2 27. Rxc2 Qxc2 28. Qd7 Rb2 29. Qxf7+ Kh8 30. Qe8+ Kh7 31. Qxg6+ Kh8 32. Qe8+ Kh7 33. g6+ Kh6 34. Qh8# 1-0


[Site "https://www.chess.com"]

[Event "Titled Tuesday Blitz May 23 Late 2023"]
[White "Toniutti, Ezio"]
[Black "Almedina Ortiz, Edgardo J."]
[WhiteFideId "113034"]
[BlackFideId "3100197"]
[WhiteElo "2215"]
[BlackElo "2217"]
[Result "1-0"]
[Round "03"]
[TimeControl "180+2"]
[Date "2023.05.23"]
[WhiteClock "0:00:06"]
[BlackClock "0:00:00"]

1. d4 d5 2. c4 e6 3. Nf3 Nf6 4. g3 dxc4 5. Bg2 Nc6 6. O-O a6 7. Nc3 Rb8 8. e4 b5 9. d5 Nb4 10. Ne5 Bd6 11. Bf4 O-O 12. a3 Bxe5 13. Bxe5 Nd3 14. Bxf6 Qxf6 15. Qd2 exd5 16. exd5 Bf5 17. Rab1 Rfe8 18. b3 Nc5 19. bxc4 Bxb1 20. Rxb1 bxc4 21. Rd1 Nd3 22. Ne4 Qd4 23. Qe3 Qxe3 24. fxe3 Rb2 25. d6 cxd6 26. Nxd6 Reb8 27. Nxc4 R2b3 28. Bf1 Nc5 29. Rd5 Ne6 30. Ra5 Rd8 31. Rxa6 g6 32. Nd6 Rd7 33. Ne4 Kg7 34. a4 Rxe3 35. Nf2 Ra3 36. Bb5 Rd2 37. Rc6 Ra1+ 38. Kg2 Raa2 39. Kf3 Rxf2+ 40. Ke3 Rae2+ 41. Kd3 Rd2+ 42. Ke3 Rxh2 43. a5 Ra2 44. a6 Rhb2 45. Bc4 Ra3+ 46. Ke4 1-0


[Site "https://www.chess.com"]

[Event "Titled Tuesday Blitz May 23 Late 2023"]
[White "Shapiro, Viktor"]
[Black "Quirke, Jeffrey"]
[WhiteFideId "4175700"]
[BlackFideId "2013029"]
[WhiteElo "2152"]
[BlackElo "2216"]
[Result "1-0"]
[Round "03"]
[TimeControl "180+2"]
[Date "2023.05.23"]
[WhiteClock "0:01:00"]
[BlackClock "0:00:00"]

1. Nf3 e6 2. g3 b6 3. Bg2 Bb7 4. O-O c5 5. c4 Nf6 6. e3 d5 7. d4 cxd4 8. Nxd4 Be7 9. Nc3 O-O 10. Qa4 Qc8 11. cxd5 Nxd5 12. Nf5 Bc5 13. Nxd5 Bxd5 14. Bxd5 exd5 15. Qf4 Rd8 16. b4 Bf8 17. Bb2 Qe6 18. Rac1 Na6 19. Bxg7 Bxg7 20. Qg4 Qf6 21. Rc6 Kf8 22. Rxf6 Bxf6 23. Rc1 1-0


[Site "https://www.chess.com"]

[Event "Titled Tuesday Blitz May 23 Late 2023"]
[White "Pires, Marcos Vinicius Torsani"]
[Black "Lonoff, Marc"]
[WhiteFideId "2118939"]
[BlackFideId "2001349"]
[WhiteElo "2273"]
[BlackElo "2117"]
[Result "1/2-1/2"]
[Round "03"]
[TimeControl "180+2"]
[Date "2023.05.23"]
[WhiteClock "0:00:25"]
[BlackClock "0:00:20"]

1. d4 e6 2. Bf4 c5 3. e3 Qb6 4. Nc3 a6 5. a3 Nc6 6. Nf3 d5 7. Be2 Nf6 8. O-O Bd7 9. Na4 Qa5 10. Nxc5 Bxc5 11. dxc5 Qxc5 12. Ne5 O-O 13. c4 Nxe5 14. Bxe5 Bc6 15. b4 Qe7 16. Bf3 Rad8 17. Qe2 Nd7 18. Bb2 Qg5 19. Rfd1 Ne5 20. Bxe5 Qxe5 21. Rac1 dxc4 22. Bxc6 Rxd1+ 23. Rxd1 bxc6 24. Qxc4 Qb5 25. Qd4 h6 26. h3 a5 27. Qc3 axb4 28. axb4 Rb8 29. Rd7 Qxb4 30. Rd8+ Kh7 31. Qc2+ g6 32. Rxb8 Qxb8 33. Qxc6 Qe5 34. Qd7 Kg7 35. g3 Qa1+ 36. Kg2 Qa8+ 37. Kg1 Qa1+ 38. Kg2 Qa8+ 39. Kg1 Qa1+ 1/2-1/2


[Site "https://www.chess.com"]

[Event "Titled Tuesday Blitz May 23 Late 2023"]
[White "Tomiello, Lucas Costamilan"]
[Black "Cardozo Munar, Carlos Eduardo"]
[WhiteFideId "22701940"]
[BlackFideId "4409477"]
[WhiteElo "2085"]
[BlackElo "2067"]
[Result "0-1"]
[Round "03"]
[TimeControl "180+2"]
[Date "2023.05.23"]
[WhiteClock "0:00:34"]
[BlackClock "0:01:48"]

1. e4 e6 2. d4 d5 3. Nd2 c5 4. exd5 Qxd5 5. dxc5 Bxc5 6. Ngf3 Nf6 7. Bc4 Qd7 8. O-O O-O 9. Qe2 Nc6 10. Nb3 Bd6 11. Rd1 Qc7 12. Bg5 h6 13. Bxf6 gxf6 14. Nfd4 a6 15. Qh5 Kh7 16. Nxc6 bxc6 17. Rd4 Rg8 18. Rh4 Rg6 19. Nd4 Bd7 20. Rd1 Rag8 21. g3 Bxg3 22. hxg3 Rxg3+ 23. Kh1 R3g6 24. Nf3 c5 25. Bd3 f5 26. Be2 Bc6 27. c4 Qe5 28. Rd2 Rg1# 0-1


[Site "https://www.chess.com"]

[Event "Titled Tuesday Blitz May 23 Late 2023"]
[White "Smiechu"]
[Black "Elgersma, Onno"]
[BlackFideId "1053531"]
[WhiteElo "2330"]
[BlackElo "2252"]
[Result "1-0"]
[Round "03"]
[TimeControl "180+2"]
[Date "2023.05.23"]
[WhiteClock "0:00:12"]
[BlackClock "0:00:00"]

1. e4 d6 2. d4 Nf6 3. Nc3 g6 4. Be3 a6 5. f3 b5 6. h4 h5 7. Nh3 Bxh3 8. Rxh3 Bg7 9. Qd2 Nbd7 10. Be2 c5 11. Nd5 Rc8 12. O-O-O Nxd5 13. exd5 c4 14. Qb4 Nf6 15. Kb1 Nxd5 16. Qd2 c3 17. Qd3 cxb2 18. Bd2 Qc7 19. f4 e6 20. g4 hxg4 21. Bxg4 b4 22. h5 Nc3+ 23. Bxc3 Qxc3 24. Qe2 Qc4 25. Qd2 gxh5 26. Be2 Qc6 27. d5 Qxd5 28. Rd3 Qa5 29. Rxd6 O-O 30. Bd3 Rc3 31. Rxa6 Qxa6 32. Bxa6 Ra8 33. Bd3 Rxa2 34. Rg1 Ra1+ 35. Kxb2 Rca3+ 36. Rxg7+ Kxg7 37. Qxb4 R1a2+ 38. Kc1 Ra1+ 39. Kd2 Ra4 40. Qc3+ Kf8 41. Qh8+ Ke7 42. Qe5 Rh1 43. Qc5+ Kf6 44. Qc6 Rxf4 45. Qxh1 h4 46. Ke3 e5 47. c4 Kg5 48. c5 Ra4 49. c6 Ra7 50. Qg1+ 1-0


[Site "https://www.chess.com"]